 Dungeon Crawl Stone Soup version 0.28.0-53-g5a82cb258f (webtiles) character file.

Game seed: 14873861365947108595

162 Peloso the Covered (level 5, 47/47 HPs)
             Began as a Minotaur Fighter on June 4, 2022.
             Got out of the dungeon alive.
             The game lasted 00:04:41 (3462 turns).

Peloso the Covered (Minotaur Fighter)               Turns: 3462, Time: 00:04:41

Health: 47/47      AC:  8    Str: 20    XL:     5   Next: 19%
Magic:  4/4        EV:  9    Int:  5    God:
Gold:   113        SH:  5    Dex: 12    Spells: 4/4 levels left

rFire   + . .      SeeInvis .   a - +0 long sword (freeze)
rCold   . . .      Faith    .   c - +0 buckler
rNeg    . . .      Spirit   .   b - +0 scale mail
rPois   .          Reflect  .   (helmet restricted)
rElec   .          Harm     .   i - +0 cloak
rCorr   .          Rampage  .   (no gloves)
Will    .....                   (no boots)
Stlth   ..........              (no amulet)
HPRegen 0.15/turn               e - ring of protection from fire
MPRegen 0.09/turn               (no ring)

@: no status effects
A: horns 2, retaliatory headbutt
a: no special abilities


You escaped.
You visited 1 branch of the dungeon, and saw 3 of its levels.

You collected 113 gold pieces.

Inventory:

Hand Weapons
 a - a +0 long sword of freezing (weapon)
Armour
 b - a +0 scale mail (worn)
 c - a +0 buckler (worn)
 i - a +0 cloak (worn)
Jewellery
 e - a ring of protection from fire (left hand)
Scrolls
 h - 2 scrolls of identify
Potions
 d - a potion of might
 f - 2 potions of brilliance


   Skills:
 + Level 4.4 Fighting
 + Level 3.7 Long Blades
 + Level 5.1 Armour
 + Level 0.7 Dodging
 + Level 0.2 Stealth
 + Level 4.5 Shields


You had 4 spell levels left.
You didn't know any spells.
Your spell library contained the following spells:

 Spells                   Type           Power      Damage    Failure   Level
 Slow                     Hex            0%         N/A       88%         1
 Summon Small Mammal      Summ           0%         N/A       88%         1
 Call Canine Familiar     Summ           0%         N/A       99%         3
 Confusing Touch          Hex            0%         N/A       99%         3
 Summon Guardian Golem    Hex/Summ       0%         N/A       99%         3
 Vampiric Draining        Necr           0%         2d6       99%         3


Dungeon Overview and Level Annotations

Branches:
Dungeon (3/15)

Altars:
Vehumet

Shops:
D:1 =**?!

Annotations:
D:3 2 runed translucent doors, Peloso's ghost, amateur MiFi


Innate Abilities, Weirdness & Mutations

You have a pair of horns on your head.
You reflexively headbutt those who attack you in melee.


Message History

You barely miss the worm. The worm completely misses you.
You slash the worm! You freeze the worm.
The worm is severely wounded.
You barely miss the worm.
The worm is severely wounded.
The worm bites you!
You hit the worm. You freeze the worm.
The worm is almost dead.
The worm bites you.
You slash the worm! You freeze the worm.
You kill the worm!
Found a scroll labelled CAEMEY IHAL.
You see here a worm corpse.
k - a scroll labelled CAEMEY IHAL Done exploring.
Done exploring.
Done exploring.
Done exploring.
As you read the scroll labelled BIGEDE DIYBROU, it crumbles to dust.
You feel strangely unstable.
It was a scroll of teleportation.
As you read the scroll labelled NUD GOQEPLUANO, it crumbles to dust.
You feel momentarily disoriented.
It was a scroll of magic mapping.
As you read the scroll labelled CAEMEY IHAL, it crumbles to dust.
You speak a Word of immense power!
It was a scroll of holy word.
Okay, then.
(D) Dungeon
Where to? (Enter - D:12, ? - help)
What level of the Dungeon? (default 1, ? - help)
Your surroundings suddenly seem different.
(D) Dungeon
Where to? (Enter - D:1 @ (x,y), ? - help)
There is a stone staircase leading up here.
You climb upwards.
There is a stone staircase leading down here.
There is a stone staircase leading up here.
You climb upwards.
There is a stone staircase leading down here.
There is a staircase leading out of the dungeon here.
Are you sure you want to leave the Dungeon?
This will make you lose the game!
You have escaped!

#.....#.#..#...........#
###.###.#.#####.##.###.#
#.# #.#...............
#.###.#######.##.###..
#..#...#..............
##..#...#.........####.
##..##...######.#######(
#...#.....# #.........
#...#..@..#############.
#...#.....#.............
##..##...###############
##..#...# #.... ##.#...#
######.###
####.#######.........
#.#........###.###
#.#.#####..# #.# #.#.#
#..# #.#


There were no monsters in sight!

Vanquished Creatures
  Crazy Yiuf (D:2)
  A gnoll (D:1)
  4 adders (D:2)
  A worm (D:3)
  2 dart slugs (D:2)
  2 orcs (D:3)
  8 ball pythons
  8 endoplasms
  9 goblins
  7 hobgoblins
  5 jackals (D:1)
  10 kobolds
  3 quokkas
  6 bats
  5 frilled lizards (D:1)
  3 rats
75 creatures vanquished.

Notes
Turn   | Place    | Note
-------+----------+-------------------------------------------
     0 | D:1      | Peloso the Minotaur Fighter began the quest for the Orb.
     0 | D:1      | Reached XP level 1. HP: 19/19 MP: 0/0
    45 | D:1      | Found Arit's Assorted Antiques.
    62 | D:1      | Reached skill level 4 in Armour
    67 | D:1      | Reached XP level 2. HP: 19/27 MP: 1/1
   259 | D:1      | Found Xoireasikla's General Store.
   278 | D:1      | Found Xasusuli's Magic Scroll Emporium.
   425 | D:1      | Found a faded altar of an unknown god.
   732 | D:1      | Found Viusazey's Jewellery Emporium.
   741 | D:1      | Reached XP level 3. HP: 33/33 MP: 2/2
   982 | D:1      | Found Lopyr's Distillery.
  1471 | D:2      | Found a runed translucent door.
  1472 | D:2      | Noticed Crazy Yiuf
  1557 | D:2      | Reached XP level 4. HP: 30/40 MP: 3/3
  1560 | D:2      | Found a radiant altar of Vehumet.
  2321 | D:2      | Killed Crazy Yiuf
  2322 | D:2      | Reached skill level 5 in Armour
  2549 | D:3      | Found a runed translucent door.
  2552 | D:3      | Noticed Peloso's ghost (amateur MiFi)
  2552 | D:3      | Noticed a bullfrog
  2571 | D:3      | Found a runed translucent door.
  2577 | D:3      | Reached XP level 5. HP: 18/47 MP: 4/4
  3462 | D:$      | Got out of the dungeon alive.

Illustrated notes

Levels and vault maps discovered:
D:1:      dpeg_arrival_rhombus, layout_loops_ring, basic_ecumenical_altar,
          serial_shops, nicolae_shop_advertising_works
          [nicolae_subvault_shop_adworks], nicolae_shop_overgrown_old_shop,
          nicolae_shop_window_shopping, shop, shop, minivault_25, minmay_3d_cube
D:2:      kennysheep_big_flooded_room, layout_basic, basic_altar,
          minmay_octomino_e4, uniq_crazy_yiuf_cottage
D:3:      layout_basic, ebering_ghost_sewer_f

Skill      XL: |  1  2  3  4 |
---------------+-------------+-----
Armour         | 4 5 |  5.1
Shields        | 4 |  4.5
Fighting       | 4 |  4.4
Long Blades    | 3 |  3.7
Dodging        | |  0.7
Stealth        | |  0.2

Action                   |  1- 3 |  4- 6 || total
-------------------------+-------+-------++-------
Melee: Long sword        |    95 |    61 ||   156
       Headbutt          |    10 |    10 ||    20
  Use: Scroll            |     1 |     7 ||     8
       Potion            |     1 |     4 ||     5
Armor: Scale mail        |    85 |    32 ||   117
Dodge: Dodged            |    66 |    22 ||    88
Block: Buckler           |    42 |    20 ||    62
